 Dungeon Crawl Stone Soup version 0.32-a0-42-ga30500b4d3 (webtiles) character file.

Game seed: 6698228927390189666

16927 cforsyth the Warrior (level 12, 0/103 HPs)
             Began as a Djinni Warper on Feb 2, 2024.
             Was an Elder of the Shining One.
             Killed from afar by an ironbound frostheart (21 damage)
             ... by creeping frost
             ... in an ice cave.
             The game lasted 00:23:39 (13374 turns).

cforsyth the Warrior (Djinni Warper)               Turns: 13374, Time: 00:23:39

Health: 0/103      AC:  8    Str: 10    XL:     12   Next: 76%
Gold:   1013       EV: 26    Int: 26    God:    the Shining One [****..] SH:  4 Dex: 13

rFire   + + +        a - +1 falchion
rCold   + . .        L - +0 buckler {rC+}
rNeg    + + .        J - +0 leather armour {rC+ rF+}
rPois   ∞            E - +0 helmet
rElec   .            h - +2 cloak
rCorr   .            A - +0 pair of gloves
SInv    +            (boots unavailable)
Will    +....        B - amulet of the acrobat
Stlth   +            e - +6 ring of intelligence
HPRegen 0.37/turn    f - ring of see invisible
MPRegen 0.00/turn

%: acrobat, infuse magic (-1 HP)
@: acrobatic, flying, glowing
A: sickness immunity, fire resistance 2, cold vulnerability 1, float, innate
caster, HP casting, extra vitality 1
a: Renounce Religion, Divine Shield, Cleansing Flame


You were in an ice cave.
You worshipped the Shining One.
The Shining One was greatly pleased with you.
You visited 2 branches of the dungeon, and saw 12 of its levels.
You also visited: Sewer, Ossuary and Ice Cave.

You collected 1013 gold pieces.

Inventory:

Hand Weapons
 a - a +1 falchion (weapon)
Missiles
 b - 2 curare-tipped darts
 d - 12 darts of dispersal
 i - 30 poisoned darts
Armour
 h - a +2 cloak (worn)
 j - a +0 troll leather armour {Pargi}
 A - a +0 pair of gloves (worn)
 E - a +0 helmet (worn)
 J - a +0 leather armour of resistance (worn)
 L - a +0 buckler of cold resistance (worn)
Jewellery
 e - a +6 ring of intelligence (left hand)
 f - a ring of see invisible (right hand)
 B - an amulet of the acrobat (around neck)
 I - a +4 ring of protection
 K - a +5 ring of evasion
Wands
 g - a wand of flame (5)
 l - a wand of digging (7)
 o - a wand of roots (12)
 y - a wand of quicksilver (16)
 G - a wand of paralysis (3)
Scrolls
 c - a scroll of blinking
 n - 2 scrolls of revelation
 q - a scroll of enchant weapon
 s - 2 scrolls of vulnerability {unknown}
 v - a scroll of acquirement {unknown}
 w - 3 scrolls of immolation
 x - a scroll of identify
 z - a scroll of fear {unknown}
 C - 2 scrolls of teleportation
 F - 2 scrolls of enchant armour {unknown}
Potions
 k - 2 potions of resistance
 m - a potion of mutation
 p - 5 potions of lignification
 r - 6 potions of curing
 t - 6 potions of haste
 u - 7 potions of might
 D - a potion of attraction
 H - a potion of cancellation {unknown}


   Skills:
 * Level 16.0 Fighting
 - Level 2.2 Long Blades
 - Level 1.3 Throwing
 - Level 1.6 Armour
 - Level 2.7 Dodging
 + Level 1.1 Shields
 + Level 9.5 Spellcasting
 + Level 9.5 Conjurations
 + Level 9.5 Hexes
 + Level 9.5 Summonings
 + Level 9.5 Necromancy
 + Level 9.5 Translocations
 + Level 9.5 Fire Magic
 + Level 9.5 Ice Magic
 + Level 9.5 Air Magic
 + Level 9.5 Earth Magic
 + Level 9.5 Alchemy


You knew the following spells:

 Your Spells              Type           Power      Damage    Failure   Level
a - Blink                 Tloc           100%       N/A       1%          2
b - Lesser Beckoning      Tloc           100%       N/A       1%          2
c - Teleport Other        Tloc           58%        N/A       1%          3
d - Manifold Assault      Tloc           58%        N/A       1%          4
e - Vhi's Electric Charg  Tloc/Air       100%       N/A       1%          4
f - Kiss of Death         Conj/Necr      100%       2d13      1%          1
g - Searing Ray           Conj           100%       2d8       1%          2
h - Momentum Strike       Conj/Tloc      100%       3d10      1%          2
i - Frozen Ramparts       Ice            100%       1d16      1%          3
j - Sticky Flame          Fire/Alch      58%        2d10      1%          4
Your spell library was empty.

Dungeon Overview and Level Annotations

Branches:
Dungeon (11/15)            Temple (1/1) D:5            Lair (0/5) D:10
  Sewer (visited)         Ossuary (visited)           IceCv (1/1)
    Orc: D:9-12

Altars:
Ashenzari
Cheibriados
Dithmenos
Elyvilon
Fedhas
Gozag
Hepliaklqana
Makhleb
Nemelex Xobeh
Okawaru
Qazlal
Ru
Trog
Uskayaw
Wu Jian
Xom
Yredelemnul
Zin
The Shining One

Shops:
D:2 =   D:7 [   D:9 (

Annotations:
D:4 3 runed translucent doors, hgbash's ghost, amateur GrCj
D:6 2 runed translucent doors, Azoth's ghost, amateur DrSh
D:9 1 runed translucent door
D:11 Fannar


Innate Abilities, Weirdness & Mutations

You are immune to sickness and miasma.
You are immune to poison.
Your flesh is very heat resistant. (rF++)
You are vulnerable to cold. (rC-)
You float through the air rather than walking.
You learn spells naturally, not from books.
Your magical power is your life essence.
You have superior vitality. (+4 MHP)


Message History

The searing ray hits the ironbound frostheart.
The ironbound frostheart is heavily wounded.
The ice encasing you melts away.
The ironbound frostheart burns!
The ironbound frostheart touches you! The ironbound frostheart freezes you!
You resist.
* * * LOW HITPOINT WARNING * * *
Casting: Searing Ray (safe; 1% risk of failure)
Confirm with . or Enter, or press ? or * to list all spells.
Restarting spell: Searing Ray (safe; 1% risk of failure)
Press: ? - help, Shift-Dir - straight line, f/p - ironbound frostheart
Aim: an ironbound frostheart, wearing a +3 ring mail (severely wounded, covered in liquid flames, haloed, 88% to hit)
The searing ray hits the ironbound frostheart!
The ironbound frostheart is severely wounded. (Press . to maintain the ray.)
* * * LOW HITPOINT WARNING * * *
The ironbound frostheart burns!
The ironbound frostheart touches you.
* * * LOW HITPOINT WARNING * * *
The ironbound frostheart freezes you. You resist.
* * * LOW HITPOINT WARNING * * *
The searing ray hits the ironbound frostheart!
You kill the ironbound frostheart!
* * * LOW HITPOINT WARNING * * *
The polar bear growls angrily.
Your Fighting skill increases to level 16!
Your Shields skill increases to level 1!
You see here a +3 ring mail.
Okay, then.
Okay, then.
Aiming: Paralyse
Press: ? - help, Shift-Dir - straight line, f - ironbound frostheart
Aim: an ironbound frostheart, wearing a +0 scale mail (haloed, chance to affect: 31%)
Okay, then.
Unknown command.
Okay, then.
Blink to where?
Press: ? - help, Dir - move target
As you read the scroll of blinking, it crumbles to dust.
The ironbound frostheart calls freezing cold from the walls.
The frost grips you!! You resist.
You die...

#####†.####..#...⌠...###..#
...#....####.........##...##
###.###..# ##...#########p.#
..####...## ###..#######.###
#..#####..####....#....p##
##..# ###....##.#.###h..#
##..# ##..####.##...###
#...#### ##..###....###
.......# ####..#@..###
###...####..#....###
#.#.#####...#.####
##.#.##...##.##
##....####### ######


You could see an ironbound frostheart and a polar bear.

Vanquished Creatures
  Snorg (D:10)
  An ironbound frostheart (IceCv)
  Erica (D:11)
  Nergalle (D:10)
  Lodul (D:10)
  2 ugly things
  An ice statue (IceCv)
  A gargoyle (D:11)
  Joseph (D:10)
  Jeremiah (D:7)
  A komodo dragon (D:10)
  Psyche (D:9)
  5 polar bears (IceCv)
  A wyvern (D:9)
  4 wraiths
  Eustachio (D:4)
  A slime creature (D:9)
  A steam dragon (D:9)
  20 yaks
  2 acid dragons
  2 water moccasins
  Pargi (Sewer)
  An ice beast (D:3)
  A sky beast (D:7)
  5 black bears
  2 orc warriors (D:9)
  6 centaurs
  9 ogres
  14 wolves (IceCv)
  4 phantoms
  A weeping skull (D:3)
  4 kobold brigands
  2 brain worms (Sewer)
  4 bullfrogs
  4 scorpions
  7 wights
  2 burial acolytes (Ossuary)
  5 killer bees
  2 howler monkeys
  5 jellies
  2 hounds
  A gnoll bouda (D:9)
  3 orc priests
  2 sleepcaps
  Jessica (D:2)
  2 iguanas (D:5)
  6 orc wizards
  A mummy (D:5)
  12 adders
  2 white imps
  2 adder skeletons (Ossuary)
  2 ribbon worms
  7 dart slugs
  8 orcs
  7 ball pythons
  4 endoplasms
  5 giant cockroaches
  11 goblins
  5 hobgoblins
  6 jackals (D:1)
  6 quokkas
  2 ball python skeletons (Ossuary)
  7 bats
  16 frilled lizards
  2 hobgoblin skeletons (Ossuary)
  2 hobgoblin zombies (D:5)
  20 kobolds
  A kobold skeleton (Ossuary)
  A kobold zombie (D:5)
  An orc skeleton (Ossuary)
  An orc zombie (D:5)
  7 rats
  A spectral orc (D:3)
285 creatures vanquished.

Notes
Turn   | Place    | Note
-------+----------+-------------------------------------------
     0 | D:1      | cforsyth the Djinni Warper began the quest for the Orb.
     0 | D:1      | cforsyth set off with the following spells memorised:
                  | Blink, Lesser Beckoning, Teleport Other, Manifold Assault,
                  | Vhi's Electric Charge.
     0 | D:1      | Reached XP level 1. HP: 18/18 MP: 0/0
    33 | D:1      | Reached XP level 2. HP: 17/23 MP: 0/0
   286 | D:1      | Reached skill level 1 in Throwing
   324 | D:1      | Reached XP level 3. HP: 28/28 MP: 0/0
   324 | D:1      | Learned a level 1 spell: Kiss of Death
   903 | D:2      | Noticed Jessica
   914 | D:2      | Killed Jessica
   915 | D:2      | Reached XP level 4. HP: 31/34 MP: 0/0
  1007 | D:2      | Found a faded altar of an unknown god.
  1064 | D:2      | Found Gejos's Jewellery Shop.
  1634 | D:3      | Reached skill level 3 in Fighting
  1831 | D:3      | Reached XP level 5. HP: 40/40 MP: 0/0
  1831 | D:3      | Learned a level 2 spell: Searing Ray
  1939 | D:3      | Noticed an ice beast
  1951 | D:3      | Killed an ice beast
  1952 | D:3      | Reached skill level 4 in Fighting
  1952 | D:3      | Reached XP level 6. HP: 35/47 MP: 0/0
  2092 | D:3      | Found a sparkling altar of Nemelex Xobeh.
  2815 | D:3      | Found a basalt altar of Yredelemnul.
  2823 | D:3      | Reached skill level 5 in Fighting
  2823 | D:3      | Reached XP level 7. HP: 46/54 MP: 0/0
  2823 | D:3      | Learned a level 2 spell: Momentum Strike
  3048 | D:4      | Found a glowing drain.
  3053 | Sewer    | Entered a sewer
  3106 | Sewer    | Noticed Pargi
  3682 | Sewer    | Killed Pargi
  3683 | Sewer    | Reached skill level 6 in Fighting
  3920 | D:4      | Noticed Eustachio
  3941 | D:4      | Killed Eustachio
  3942 | D:4      | Reached XP level 8. HP: 43/55 MP: 0/0
  4031 | D:4      | Found a runed translucent gate.
  4031 | D:4      | Found a runed translucent gate.
  4032 | D:4      | Found a runed translucent gate.
  4040 | D:4      | Noticed hgbash's ghost (amateur GrCj)
  4093 | D:4      | Reached skill level 7 in Fighting
  4192 | D:4      | Reached skill level 5 in Spellcasting
  4192 | D:4      | Reached skill level 5 in Conjurations
  4192 | D:4      | Reached skill level 5 in Hexes
  4192 | D:4      | Reached skill level 5 in Summonings
  4192 | D:4      | Reached skill level 5 in Necromancy
  4192 | D:4      | Reached skill level 5 in Translocations
  4192 | D:4      | Reached skill level 5 in Fire Magic
  4192 | D:4      | Reached skill level 5 in Ice Magic
  4192 | D:4      | Reached skill level 5 in Air Magic
  4192 | D:4      | Reached skill level 5 in Earth Magic
  4192 | D:4      | Reached skill level 5 in Alchemy
  4362 | D:5      | Entered Level 5 of the Dungeon
  4394 | D:5      | Found a blossoming altar of Fedhas.
  4712 | D:5      | Found a shimmering altar of Xom.
  4714 | D:5      | Found an opulent altar of Gozag.
  4779 | D:5      | Found a staircase to the Ecumenical Temple.
  4869 | D:5      | Reached skill level 8 in Fighting
  4962 | Temple   | Entered the Ecumenical Temple
  4969 | Temple   | Became a worshipper of the Shining One
  5117 | D:5      | Reached XP level 9. HP: 71/71 MP: 0/0
  5117 | D:5      | Learned a level 3 spell: Frozen Ramparts
  5302 | D:5      | Reached skill level 9 in Fighting
  5752 | D:6      | Found a runed translucent door.
  5756 | D:6      | Noticed Azoth's ghost (amateur DrSh)
  5996 | D:6      | Found a runed translucent door.
  6326 | D:7      | Reached skill level 10 in Fighting
  6336 | D:7      | Found a sand-covered staircase.
  6341 | Ossuary  | Entered an ossuary
  6398 | Ossuary  | Reached * piety under the Shining One
  6475 | Ossuary  | Reached ** piety under the Shining One
  6647 | D:7      | Reached XP level 10. HP: 42/81 MP: 0/0
  6727 | D:7      | Noticed Jeremiah
  6743 | D:7      | Killed Jeremiah
  6745 | D:7      | Found Oxi Nula's Antique Armour Boutique.
  7335 | D:8      | Reached skill level 11 in Fighting
  8358 | D:9      | Reached skill level 12 in Fighting
  8412 | D:9      | Identified the +2 scale mail "Qaesosu" {Dex+5}
  8433 | D:9      | Noticed Psyche
  8448 | D:9      | Killed Psyche
  8542 | D:9      | Reached XP level 11. HP: 60/90 MP: 0/0
  8542 | D:9      | Learned a level 4 spell: Sticky Flame
  8770 | D:9      | Found Henoaxec's Firing Range.
  8880 | D:9      | Noticed a catoblepas
  8880 | D:9      | Reached *** piety under the Shining One
  8885 | D:9      | Noticed a cyclops
  8888 | D:9      | Noticed a boulder beetle
  8960 | D:9      | Found an iron altar of Okawaru.
  8960 | D:9      | Found a runed translucent door.
  9038 | D:9      | Noticed a two-headed ogre
  9038 | D:9      | Found the +0 toga "Victory" {*Victory Clar}
  9099 | D:10     | Entered Level 10 of the Dungeon
  9152 | D:10     | Reached skill level 13 in Fighting
  9279 | D:10     | Noticed Lodul
  9290 | D:10     | Killed Lodul
  9371 | D:10     | Noticed Joseph
  9383 | D:10     | Killed Joseph
  9558 | D:10     | Reached skill level 14 in Fighting
  9569 | D:10     | Found a staircase to the Lair.
  9710 | D:10     | Noticed Nergalle
  9710 | D:10     | Reached **** piety under the Shining One
  9724 | D:10     | Killed Nergalle
  9845 | D:10     | Noticed Snorg
 10213 | D:10     | Found a staircase to the Lair.
 10550 | D:10     | Killed Snorg
 10951 | D:11     | Noticed a green ugly thing
 10984 | D:11     | Noticed Erica
 10993 | D:11     | Killed a green ugly thing
 10994 | D:11     | Reached XP level 12. HP: 55/101 MP: 0/0
 10994 | D:11     | Killed Erica
 11007 | D:11     | Noticed a boulder beetle
 11022 | D:11     | Found a frozen archway.
 11028 | D:11     | Noticed Fannar
 11031 | IceCv    | Entered an ice cave
 11105 | IceCv    | Reached skill level 15 in Fighting
 11591 | IceCv    | HP: 5/102 [ice statue] (25)]
 11961 | IceCv    | HP: 4/103 [polar bear (14)]
 13207 | IceCv    | Noticed a death yak
 13207 | IceCv    | Noticed an ironbound frostheart
 13207 | IceCv    | Noticed an ironbound frostheart
 13357 | IceCv    | Killed an ironbound frostheart
 13358 | IceCv    | Reached skill level 16 in Fighting
 13358 | IceCv    | Reached skill level 1 in Shields
 13374 | IceCv    | Killed from afar by an ironbound frostheart

Illustrated notes

Levels and vault maps discovered:
D:1:      evilmike_arrival_plus, layout_basic, serial_bayou_ford_a
D:2:      layout_rooms, serial_shops, nicolae_shop_gaudy_bauble,
          shapermc_ecumenical_altar_acropolis, minmay_door_square,
          minmay_misc_feat_cross, uniq_jessica
D:3:      minmay_thinvault, layout_loops_ring, nemelex_spade_bored_becter,
          yredelemnul_forgotten_temple_becter, grunt_ministairs_5
D:4:      layout_rooms, mainiacjoe_sewer_entry_somewhere_in_here_2,
          ebering_ghost_rock_garden, minmay_cut_off, uniq_eustachio
D:5:      minmay_spotlight, layout_basic, fedhas_altar_2,
          chequers_temple_overflow_statue_of_worship, temple_hall,
          hangedman_decor_peaks_small, minmay_mini_ossuary
D:6:      layout_loops_cross, ebering_ghost_sewer_f
D:7:      layout_basic, enter_ossuary_2, serial_shops, shop,
          columned_hall_lemuel, uniq_jeremiah
D:8:      layout_layer_cave
D:9:      wad_guarded_room, layout_rooms,
          nicolae_overflow_guarded_unrand_okawaru_victory, led_sif_book,
          nicolae_shop_firing_range, uniq_psyche
D:10:     layout_roguey, due_lair_maze_entry_diamond, uniq_lodul, uniq_snorg,
          uniq_nergalle, uniq_joseph
D:11:     layout_grid_maze, serial_shops, shop, portal_ice_cave_entry_pillars_1,
          serial_park_tiny_2, hangedman_ranch, uniq_erica, uniq_fannar
Temple:   regret_index_temple_waves
IceCv:    ice_cave_caverns_03

Skill      XL: |  1  2  3  4  5  6  7  8  9 10 11 12 |
---------------+-------------------------------------+-----
Spellcasting   | 3 4 5 6 7 8 9 |  9.5
Conjurations   | 3 4 5 6 7 8 9 |  9.5
Hexes          | 3 4 5 6 7 8 9 |  9.5
Summonings     | 3 4 5 6 7 8 9 |  9.5
Necromancy     | 3 4 5 6 7 8 9 |  9.5
Translocations | 3 4 5 6 7 8 9 |  9.5
Fire Magic     | 3 4 5 6 7 8 9 |  9.5
Ice Magic      | 3 4 5 6 7 8 9 |  9.5
Air Magic      | 3 4 5 6 7 8 9 |  9.5
Earth Magic    | 3 4 5 6 7 8 9 |  9.5
Alchemy        | 3 4 5 6 7 8 9 |  9.5
Long Blades    | 2 |  2.2
Throwing       | 1 |  1.3
Fighting       | 3 4 5 6 8 10 12 14 16 | 16.0
Shields        | 1 |  1.1
Armour         | |  1.6
Dodging        | |  2.7

Action                     |  1- 3 |  4- 6 |  7- 9 | 10-12 || total
---------------------------+-------+-------+-------+-------++-------
  Melee: Falchion          |    72 |    88 |       |     1 ||   161
   Cast: Searing Ray       |       |    23 |    99 |   124 ||   246
         Kiss of Death     |       |       |     2 |       ||     2
         Frozen Ramparts   |       |       |     4 |    30 ||    34
         Sticky Flame      |       |       |       |    14 ||    14
         Teleport Other    |       |       |       |     2 ||     2
  Evoke: Wand              |       |       |       |     1 ||     1
    Use: Scroll            |       |       |    19 |     5 ||    24
         Potion            |       |       |     1 |       ||     1
   Stab: Sleeping          |     1 |       |       |       ||     1
 Armour: Leather armour    |    36 |    56 |     7 |    59 ||   158
         Troll leather arm |       |       |    77 |   115 ||   192
         Skin              |       |       |       |     3 ||     3
  Dodge: Dodged            |    46 |    93 |    74 |   254 ||   467

Table legend: (Time is in decaauts)
 A = Elapsed time spent in this place.
 B = Non-inter-level travel time spent in this place.
 C = Inter-level travel time spent in this place.
 D = Time resting spent in this place.
 E = Time spent auto-exploring this place.
 F = Levels seen in this place.
 G = Mean time per level.
                   A        B        C        D        E       F      G
               +--------+--------+--------+--------+--------+-----+--------+
         Total |  13433 |  12896 |    537 |   2762 |   7657 |  15 |  895.5 |
       Dungeon |   9960 |   9431 |    529 |    841 |   6843 |  11 |  905.5 |
        Temple |     14 |      7 |      7 |      0 |      0 |   1 |   14.0 |
         Sewer |    829 |    829 |      0 |    492 |    192 |   1 |  829.0 |
       Ossuary |    284 |    284 |      0 |      0 |     42 |   1 |  284.0 |
      Ice Cave |   2343 |   2343 |      0 |   1429 |    580 |   1 | 2343.0 |
               +--------+--------+--------+--------+--------+-----+--------+

Top non-repeatable levels by time:
   IceCv: 2343 daAuts
    D:10: 1860 daAuts
     D:3: 1452 daAuts
     D:5: 1093 daAuts
     D:8: 942 daAuts
     D:1: 875 daAuts
     D:6: 855 daAuts
   Sewer: 829 daAuts
     D:9: 759 daAuts
     D:7: 693 daAuts
     D:2: 680 daAuts
     D:4: 666 daAuts
 Ossuary: 284 daAuts
    D:11: 79 daAuts
  Temple: 14 daAuts
